AoeStats
← Carolus

Glade

510701469Analyzed
1v1 RM · 10h ago on Oct 2, 2026· 55m 22s· 2 players
Game mode
Random Map
Map size
Tiny (2 player)
Population
200
Speed
Normal
Resources
Standard
Victory
Conquest
Starting age
Dark Age
Ending age
Imperial Age
RankedLock teamsTeams togetherTeam positionsShared explorationLock speedFull tech treeHidden civsTurbo modeCheats
Victory
Defeat
🇹🇼 Cumans · Taiwan
1012
+15
🇫🇷 Khmer · France
999
-15
Carolus
10:47 Feudal Age
11:03 Loom
16:29 Castle Age
16:06 Horse Collar
22:22 Double-Bit Axe
23:02 Fletching
24:19 Wheelbarrow
26:11 Bow Saw
26:22 Bodkin Arrow
35:33 Imperial Age
35:37 Bloodlines
37:53 Conscription
37:57 Double Crossbow
37:55 Crossbowman
38:57 Elite Skirmisher
40:47 Town Watch
43:09 Hand Cart
44:21 Forging
50:28 Husbandry
51:36 Tusk Swords
52:12 Arbalester
54:55 Light Cavalry
garyoling
1:49 Loom
9:53 Feudal Age
16:34 Scale Barding Armor
18:20 Bloodlines
19:51 Double-Bit Axe
20:44 Horse Collar
25:05 Castle Age
24:04 Scale Mail Armor
24:16 Forging
24:54 Gold Mining
26:50 Gold Shaft Mining
26:54 Wheelbarrow
26:06 Pikeman
26:48 Squires
28:45 Chain Mail Armor
31:18 Bow Saw
37:06 Iron Casting
37:30 Capped Ram
39:30 Heavy Plow
44:06 Imperial Age
41:34 Stone Mining
44:19 Hand Cart
44:57 Chain Barding Armor
44:50 Town Watch
45:25 Cavalier
48:11 Plate Barding Armor
48:05 Siege Ram
49:02 Elite Steppe Lancer
51:38 Blast Furnace
50:48 Light Cavalry
52:01 Steppe Husbandry
52:25 Conscription
53:37 Hussar
Connection lost

Rejoining the realm…

Still unreachable

The connection could not be restored.

Session expired

The server has moved on; the page needs a fresh start.